 Dungeon Sprint DCSS version 0.17-a0-1210-g1e4f09d (webtiles) character file.

996 nuthulu the Protected (level 8, -2/59 HPs)
             Began as a Gargoyle Fighter on June 3, 2015.
             Was a High Priest of Cheibriados.
             Slain by Pysitt the pandemonium lord (4 damage)
             ... in the Dungeon (Sprint V: "Ziggurat Sprint").
             The game lasted 00:02:47 (492 turns).

nuthulu the Protected (Gargoyle Fighter)             Turns: 492, Time: 00:02:47

Health: -2/59      AC: 35    Str: 45    XL:     8   Next: 19%
Magic:  8/8        EV:  4    Int: 26    God:    Cheibriados [*****.]
Gold:   0          SH: 34    Dex: 23    Spells: 0 memorised, 7 levels left

rFire  . . .     SeeInvis .     J - +6 shillelagh "Devastator" {shatter}
rCold  + + .     Clarity  .     K - +15 Maxwell's patent armour {-Cast -Tele rElec MR+ rCorr}
rNeg   + + +     SustAt   .     L - +18 shield of the gong {rElec rN+ MR+ EV-5}
rPois  ∞         Gourm    .     (no helmet)
rElec  +         Spirit   .     (no cloak)
rCorr  +         Warding  .     (no gloves)
rMut   .         NoTele   +     (no boots)
MR     +....     NoCast   +     c - amulet "Obruodagh" {Faith rElec rC+ Str+3}
Stlth  ..........               a - ring "Zotwoquc" {rC+ rN+ Int+3}
                                H - +6 ring of strength

@: vulnerable, very slow, somewhat resistant to hostile enchantments, extremely
unstealthy
A: negative energy resistance 1, electricity resistance, unbreathing,
petrification resistance, rot immunity, AC +5
a: Bend Time, Temporal Distortion, Slouch, Step From Time, Renounce Religion


You were in the Dungeon.
You worshipped Cheibriados.
Cheibriados was extremely pleased with you.
You were not hungry.

You visited 1 branch

Inventory:

Hand weapons
 J - the +6 shillelagh "Devastator" (weapon) {shatter}
   (You found it in the Dungeon)
Armour
 K - the +15 Maxwell's patent armour (worn) {-Cast -Tele rElec MR+ rCorr}
   (You found it in the Dungeon)

   It insulates you from electricity.
   It affects your resistance to hostile enchantments.
   It prevents spellcasting.
   It prevents most forms of teleportation.
   It protects you from acid and corrosion.
 L - the +18 shield of the gong (worn) {rElec rN+ MR+ EV-5}
   (You found it in the Dungeon)

   It affects your evasion (-5).
   It insulates you from electricity.
   It protects you from negative energy.
   It affects your resistance to hostile enchantments.
Jewellery
 a - the ring "Zotwoquc" (right hand) {rC+ rN+ Int+3}
   (You found it in the Dungeon)

   [ring of protection from cold]

   It affects your intelligence (+3).
   It protects you from cold.
   It protects you from negative energy.
 b - an uncursed ring of ice
 c - the amulet "Obruodagh" (around neck) {Faith rElec rC+ Str+3}
   (You found it in the Dungeon)

   [amulet of faith]

   It allows you to gain divine favour quickly.
   It affects your strength (+3).
   It protects you from cold.
   It insulates you from electricity.
 D - a +6 ring of dexterity
 E - a +6 ring of dexterity
 F - a +6 ring of intelligence
 G - a +6 ring of intelligence
 H - a +6 ring of strength (left hand)
 I - a +6 ring of strength
Magical devices
 y - a wand of disintegration (7)
 A - a wand of fire (5)
 B - a wand of cold (5)
 C - a wand of draining (5)
Scrolls
 k - 4 scrolls of blinking
 q - 4 scrolls of amnesia
 r - 3 scrolls of recharging
 s - 7 scrolls of fog
 t - a scroll of holy word
 u - 5 scrolls of identify
 v - 5 scrolls of remove curse
 w - 2 scrolls of fear
Potions
 d - 6 potions of might
 f - 10 potions of curing
 g - 10 potions of heal wounds
 h - 6 potions of haste
 i - 7 potions of magic
 j - 3 potions of berserk rage
 l - 2 potions of brilliance
 m - 2 potions of invisibility
 n - 4 potions of resistance
 o - a potion of experience
 p - 5 potions of agility
Comestibles
 e - 5 bread rations
 x - 42 fruits
 z - 4 meat rations


   Skills:
 * Level 10.6 Fighting
 * Level 5.3 Maces & Flails
 * Level 11.3 Armour
 * Level 1.4 Dodging
 * Level 10.8 Shields


You had 7 spell levels left.
You didn't know any spells.

Dungeon Overview and Level Annotations

Branches:
Dungeon (1/1)

Altars:
Ashenzari
Cheibriados
Dithmenos
Elyvilon
Fedhas
Gozag
Kikubaaqudgha
Makhleb
Nemelex Xobeh
Okawaru
Qazlal
Ru
Sif Muna
Trog
Vehumet
Xom
Yredelemnul
Zin
The Shining One
Beogh
Jiyva
Lugonu


Innate Abilities, Weirdness & Mutations

You are resistant to torment.
Your stone body is resilient (AC +5).
You are immune to poison.
You resist negative energy.
You are resistant to electric shocks.
You can survive without breathing.
You are immune to petrification.
You are immune to rotting.


Message History

You block the quasit's attack.
SHROANNG!
You block the quasit's attack.
BONNNG!
The quasit claws you but does no damage.
Pysitt hits you but does no damage. You block the wraith's attack.
SHROANNG!
The phantasmal warrior hits you!!
* * * LOW HITPOINT WARNING * * *
Unknown command.
You hit Pysitt but do no damage.
Pysitt is lightly wounded.
You block the quasit's attack.
BOUMMMMG!
You block the quasit's attack.
PTOANNNG!
You block the quasit's attack.
GONNNNG!
Pysitt hits you.
You die...

▓.....▓.....▓.....▓
▓.....▓.....▓▓▓▓▓▓▓
▓▓▓▓▓▓▓▓▓▓▓▓▓▓▓▓▓▓▓
▓..8©8...▓..8©8...▓
▓..=}:...▓..=:)...▓
▓........▓....:...▓
▓..)))...▓..W5....▓
▓........▓.W&W55..▓
▓.▓.(..▓.▓.▓W@W.▓.▓
▓...(....▓........▓
▓▓▓▓▓▓▓▓▓▓▓▓▓▓▓▓▓▓▓


You could see Pysitt, a phantasmal warrior, a freezing wraith, 3 wraiths, a
quasit, a crimson imp and a white imp.

Vanquished Creatures
  3 yaktaurs (D)
  A centaur (D)
  An iron imp (D)
  A quasit (D)
  An adder (D)
  4 shadow imps (D)
  An adder skeleton (D)
  A ball python (D)
  A giant gecko zombie (D)
14 creatures vanquished.

Vanquished Creatures (others)
  Pikel (D)
1 creature vanquished.

Grand Total: 15 creatures vanquished

Notes
Turn   | Place    | Note
--------------------------------------------------------------
     0 | D        | nuthulu the Gargoyle Fighter began the quest for the Orb.
     0 | D        | Reached XP level 1. HP: 14/14 MP: 1/1
     1 | D        | Found an iron altar of Okawaru.
     1 | D        | Found a radiant altar of Vehumet.
     1 | D        | Found a burning altar of Makhleb.
     1 | D        | Found a shimmering altar of Xom.
     1 | D        | Found a deep blue altar of Sif Muna.
     3 | D        | Found a roughly hewn altar of Beogh.
     3 | D        | Found a corrupted altar of Lugonu.
     3 | D        | Found a viscous altar of Jiyva.
     3 | D        | Found a white marble altar of Elyvilon.
     3 | D        | Found a sparkling altar of Nemelex Xobeh.
     3 | D        | Found a bloodstained altar of Trog.
    61 | D        | Became a worshipper of Cheibriados the Contemplative
    71 | D        | Entered arena 1.
    73 | D        | Reached skill level 4 in Fighting
    73 | D        | Reached XP level 2. HP: 18/20 MP: 2/2
    76 | D        | Got the ring "Zotwoquc" {rC+ rN+ Int+3}
   108 | D        | Entered arena 2.
   108 | D        | Noticed a quasit
   110 | D        | Killed a quasit
   110 | D        | Acquired Cheibriados's first power
   110 | D        | Reached skill level 5 in Armour
   110 | D        | Reached skill level 5 in Shields
   110 | D        | Reached XP level 3. HP: 25/25 MP: 3/3
   165 | D        | Entered arena 3.
   165 | D        | Noticed an iron imp
   167 | D        | Reached skill level 5 in Fighting
   167 | D        | Acquired Cheibriados's second power
   167 | D        | Reached skill level 6 in Armour
   167 | D        | Reached XP level 4. HP: 29/31 MP: 4/4
   170 | D        | Killed an iron imp
   174 | D        | Got the amulet "Obruodagh" {Faith rElec rC+ Str+3}
   260 | D        | Entered arena 4.
   260 | D        | Noticed a yaktaur
   260 | D        | Noticed a centaur
   260 | D        | Noticed a yaktaur
   260 | D        | Noticed a yaktaur
   264 | D        | Killed a centaur
   264 | D        | Acquired Cheibriados's third power
   264 | D        | Reached skill level 7 in Armour
   264 | D        | Reached XP level 5. HP: 16/37 MP: 5/5
   265 | D        | Killed a yaktaur
   265 | D        | Reached skill level 9 in Fighting
   265 | D        | Reached XP level 6. HP: 13/46 MP: 6/6
   266 | D        | Killed a yaktaur
   266 | D        | Acquired Cheibriados's fourth power
   266 | D        | Reached skill level 10 in Fighting
   266 | D        | Reached skill level 5 in Maces & Flails
   266 | D        | Reached skill level 10 in Armour
   266 | D        | Reached skill level 10 in Shields
   266 | D        | Reached XP level 7. HP: 14/52 MP: 7/7
   271 | D        | Killed a yaktaur
   271 | D        | Reached skill level 11 in Armour
   271 | D        | Reached skill level 1 in Dodging
   271 | D        | Reached XP level 8. HP: 16/59 MP: 8/8
   421 | D        | Killed Pikel
   485 | D        | Entered arena 5.
   485 | D        | Noticed Pysitt the pandemonium lord
   485 | D        | Noticed a crimson imp
   485 | D        | Noticed a quasit
   487 | D        | Noticed a phantasmal warrior
   489 | D        | Noticed a freezing wraith
   491 | D        | HP: 2/59 [phantasmal warrior[Pysitt] (20)]
   492 | D        | Slain by Pysitt the pandemonium lord

Vault maps used:
D:        sprint_v

Action                   |  1- 3 |  4- 6 |  7- 9 || total
-------------------------+-------+-------+-------++-------
Melee: Shillelagh        |     4 |     6 |    10 ||    20
